 Dungeon Crawl Stone Soup version 0.21.1-1-g345015f (webtiles) character file.

162 wojtek the Chopper (level 5, 0/45 HPs)
             Began as a Minotaur Fighter on July 21, 2018.
             Slain by a worker ant (5 damage)
             ... on level 3 of the Dungeon.
             The game lasted 00:03:07 (2413 turns).

wojtek the Chopper (Minotaur Fighter)               Turns: 2413, Time: 00:03:08

Health: 0/45       AC: 10    Str: 21 (22) XL:     5   Next: 19%
Magic:  4/4        EV:  6    Int:  4 (5)  God:
Gold:   199        SH:  9    Dex: 10 (11) Spells: 4/4 levels left

rFire    . . .     SeeInvis .   a - +0 war axe
rCold    . . .     Gourm    .   c - +0 shield
rNeg     . . .     Faith    .   v - +0 chain mail
rPois    .         Spirit   .   (helmet unavailable)
rElec    .         Reflect  .   (no cloak)
rCorr    .         Harm     .   i - +0 pair of gloves
MR       .....                  (no boots)
Stlth    ..........             (no amulet)
HPRegen  0.15/turn              (no ring)
MPRegen  0.09/turn              (no ring)

@: no status effects
A: retaliatory headbutt, horns 3, thin skeletal structure 1, blink, sturdy frame
1
a: Blink


You were on level 3 of the Dungeon.
You were very hungry.

You visited 1 branch of the dungeon, and saw 4 of its levels.

You collected 199 gold pieces.

Inventory:

Hand Weapons
 a - a +0 war axe (weapon)
Armour
 c - a +0 shield (worn)
 i - a +0 pair of gloves (worn)
 k - a +1 hat
 v - a +0 chain mail (worn)
Jewellery
 s - an uncursed ring of fire
Scrolls
 g - 2 scrolls of magic mapping {unknown}
 j - 4 scrolls of identify {unknown}
 m - a scroll of blinking {unknown}
 n - a scroll of fear {unknown}
 o - a scroll of immolation {unknown}
 p - 3 scrolls of enchant armour {unknown}
 q - 2 scrolls of remove curse {unknown}
 r - 2 scrolls of teleportation {unknown}
 t - a scroll of amnesia {unknown}
Potions
 d - 3 potions of might
 e - a potion of agility
Books
 w - a book of Minor Magic

   Spells                             Type                      Level
   a - Magic Dart                     Conjuration                  1
   b - Blink                          Translocation                2
   c - Call Imp                       Summoning                    2
   d - Slow                           Hexes                        2
   e - Conjure Flame                  Conjuration/Fire             3
   f - Mephitic Cloud                 Conjuration/Poison/Air       3
Comestibles
 f - 11 rations


   Skills:
 - Level 3.6 Fighting
 + Level 6.6 Axes
 - Level 3.6 Armour
 - Level 3.6 Shields


You had 4 spell levels left.
You didn't know any spells.

Dungeon Overview and Level Annotations

Branches:
Dungeon (4/15)
 Temple: D:4-7

Altars:
Elyvilon
Fedhas
Sif Muna
Xom
Yredelemnul

Annotations:
D:4 delio's ghost, amateur MiCK


Innate Abilities, Weirdness & Mutations

You reflexively headbutt those who attack you in melee.
You have a pair of large horns on your head.
You have a somewhat thin skeletal structure. (Dex +2, Stealth)
You can translocate small distances at will.
Your movements are slightly less encumbered by armour. (ER -2)


Message History

The horns on your head grow some more.
Your +1 hat falls away!
You feel less encumbered by your armour.
You feel jittery.
Your bones become slightly less dense.
The worker ant bites you.
* * * LOW HITPOINT WARNING * * *
You are more poisoned.
The worker ant poisons you!
It was a potion of degeneration.
There was something very wrong with that liquid.
You feel weakened.
You feel dopey.
You feel clumsy.
* * * LOW HITPOINT WARNING * * *
You feel sick.
The worker ant bites you but does no damage. x2
It was a potion of curing.
You feel better. The worker ant bites you.
* * * LOW HITPOINT WARNING * * *
You slash the worker ant!
The worker ant is heavily wounded.
The worker ant bites you.
You die...

##)##########..#..###............
...................#.......#.####
.........####.....[#.............
.(.......####.#...>....###.#.####
≈(≈.≈...≈............).'...#.#
....≈≈.≈.≈≈.#.##.......#####.####
.≈≈≈≈≈≈≈≈≈.≈#.##.>.....+.........
.≈≈≈≈≈≈≈≈≈≈.#.##a#.....#####.####
.≈≈≈≈≈≈≈≈≈≈.#.##@#.....# #.#
.≈≈≈≈..≈≈≈..#.##.#.##### #.#
.≈≈≈._.≈≈≈.≈#.........# #.####
.≈≈≈...≈≈≈..#..#.#.##.# #....#
≈≈≈≈≈≈≈≈≈≈.....#.#.##.#########.#
≈≈≈≈≈≈≈≈≈≈.≈##.#.#.#............#
.≈≈≈≈≈≈≈≈≈)≈...#.#.#.......###...
≈≈.≈.≈..≈≈≈≈...#.#.#.......# #.##
..≈≈≈....≈.....#...........# #.#


You could see a worker ant.

Vanquished Creatures
  4 gnolls (D:3)
  4 adders
  2 worms
  3 dart slugs
  A leopard gecko (D:3)
  An orc (D:3)
  3 ball pythons
  11 bats
  5 giant cockroaches
  9 goblins
  5 hobgoblins
  4 jackals
  9 kobolds
  A frilled lizard (D:1)
  11 rats
73 creatures vanquished.

Notes
Turn   | Place    | Note
-------+----------+-------------------------------------------
     0 | D:1      | wojtek the Minotaur Fighter began the quest for the Orb.
     0 | D:1      | Reached XP level 1. HP: 19/19 MP: 0/0
     2 | D:1      | Noticed a vampire
     2 | D:1      | Noticed a ghoul
     4 | D:1      | Noticed a troll
     4 | D:1      | Noticed a centaur
     6 | D:1      | Noticed a halfling
     6 | D:1      | Noticed a demigod
     8 | D:1      | Noticed a gargoyle
    10 | D:1      | Noticed a vine stalker
    12 | D:1      | Noticed a spriggan
    12 | D:1      | Noticed a felid
    14 | D:1      | Noticed an elf
    16 | D:1      | Noticed an octopode
    16 | D:1      | Noticed a human
    18 | D:1      | Noticed a draconian
    20 | D:1      | Noticed a dwarf
    20 | D:1      | Noticed an ogre
    22 | D:1      | Noticed a formicid
    22 | D:1      | Noticed a merfolk
    24 | D:1      | Noticed a minotaur
    24 | D:1      | Noticed a naga
    26 | D:1      | Noticed a tengu
    26 | D:1      | Noticed a demonspawn
   213 | D:1      | Reached skill level 3 in Axes
   276 | D:1      | Reached XP level 2. HP: 25/26 MP: 1/1
   561 | D:1      | Reached skill level 4 in Axes
   637 | D:1      | Reached XP level 3. HP: 28/31 MP: 2/2
   948 | D:2      | Found a deep blue altar of Sif Muna.
   949 | D:2      | Found a shimmering altar of Xom.
   967 | D:2      | Reached skill level 5 in Axes
  1014 | D:2      | Found a white marble altar of Elyvilon.
  1060 | D:2      | Reached XP level 4. HP: 28/39 MP: 3/3
  1205 | D:2      | Found a basalt altar of Yredelemnul.
  1284 | D:2      | Found a blossoming altar of Fedhas.
  1504 | D:3      | Found a faded altar of an unknown god.
  1663 | D:3      | Reached skill level 6 in Axes
  1668 | D:3      | Reached XP level 5. HP: 43/45 MP: 4/4
  2388 | D:4      | Noticed delio's ghost (amateur MiCK)
  2410 | D:3      | Gained mutation: You have a pair of large horns on your head. [potion of mutation]
  2410 | D:3      | Gained mutation: Your movements are slightly less encumbered by armour. (ER -2) [potion of mutation]
  2410 | D:3      | Gained mutation: You can translocate small distances at will. [potion of mutation]
  2410 | D:3      | Gained mutation: You have a somewhat thin skeletal structure. (Dex +2, Stealth) [potion of mutation]
  2410 | D:3      | HP: 2/45 [worker ant (3)]
  2413 | D:3      | Slain by a worker ant

Skill      XL: |  1  2  3  4 |
---------------+-------------+-----
Axes           | 3 4 5 6 |  6.6
Fighting       | |  3.6
Armour         | |  3.6
Shields        | |  3.6

Action                   |  1- 3 |  4- 6 || total
-------------------------+-------+-------++-------
Melee: War axe           |   111 |    81 ||   192
       Headbutt          |    16 |    10 ||    26
  Use: Potion            |       |     5 ||     5
  Eat: Chunk             |     1 |     3 ||     4
Armor: Scale mail        |    47 |    36 ||    83
       Chain mail        |       |    12 ||    12
Dodge: Dodged            |    43 |    31 ||    74
Block: Shield            |    57 |    51 ||   108
